 Dungeon Crawl Stone Soup version 0.26-a0-597-gb535b0901c (webtiles) character file.

Game seed: 13543762764947860725

578086 Hores the Scorcher (level 27, 0/172 HPs)
             Began as a Gargoyle Earth Elementalist on Aug 26, 2020.
             Was the Champion of Vehumet.
             Killed from afar by a frost giant (13 damage)
             ... with a bolt of cold
             ... on level 3 of the Depths on Aug 27, 2020.
             The game lasted 03:13:57 (72240 turns).

Hores the Scorcher (Gargoyle Earth Elementalist)   Turns: 72240, Time: 03:13:57

Health: 0/172      AC: 37    Str: 20    XL:     27
Magic:  24/42      EV: 20    Int: 34    God:    Vehumet [******]
Gold:   7119       SH:  0    Dex: 13    Spells: 1/57 levels left

rFire    + + .     SeeInvis +   s - +3 flail of the Apocalypse {flame, MR+ SInv}
rCold    + + .     Faith    .   (no shield)
rNeg     + + +     Spirit   .   T - +1 leather armour of Action {MR+ Slay+4}
rPois    ∞         Reflect  .   k - +2 helmet
rElec    +         Harm     .   P - +2 cloak {MR+}
rCorr    +         Clarity  +   I - +2 pair of gloves {Dex+3}
MR       +++++                  h - +1 pair of boots "Hatyo" {rCorr Str+5 Int+3}
Stlth    ++........             p - amulet "Gulemeij" {rF++ rN+ Regen+}
HPRegen  0.78/turn              j - ring of Fiasugoi {rC+ rN+ Int+5 Slay+4}
MPRegen  0.28/turn              L - ring "Aduen" {Wiz +Blink rPois}

@: flying, very slightly contaminated, invisible
A: big wings, blink, clarity, cold resistance 1, negative energy resistance 1,
electricity resistance, wild magic 1, unbreathing, petrification resistance, rot
immunity, AC +20
}: 3/15 runes: decaying, silver, gossamer
a: Stop Flying, Blink, Renounce Religion, Evoke Blink


You were on level 3 of the Depths.
You worshipped Vehumet.
Vehumet was exalted by your worship.
You visited 10 branches of the dungeon, and saw 46 of its levels.
You also visited: Trove, Bailey, Ice Cave, Volcano, Wizlab and Desolation.

You collected 11406 gold pieces.
You spent 4287 gold pieces at shops.

Inventory:

Hand Weapons
 s - the +3 flail of the Apocalypse (weapon) {flame, MR+ SInv}
   (You found it in a treasure trove)

   It has been specially enchanted to burn those struck by it, causing extra
   injury to most foes and up to half again as much damage against particularly
   susceptible opponents.
   It affects your resistance to hostile enchantments.
   It lets you see invisible.
 K - a +2 vorpal demon whip
 X - the +10 mace "Gucemor" {vorpal, Dex+3}
   (You found it in an ice cave)

   It inflicts extra damage upon your enemies.
   It affects your dexterity (+3).
Missiles
 g - 3 throwing nets (quivered)
Armour
 h - the +1 pair of boots "Hatyo" (worn) {rCorr Str+5 Int+3}
   (You found it on level 2 of the Elven Halls)

   It affects your strength (+5).
   It affects your intelligence (+3).
   It provides partial protection from all sources of acid and corrosion.
 k - a +2 helmet (worn)
 I - a +2 pair of gloves of dexterity (worn)
 P - a +2 cloak of magic resistance (worn)
 T - the +1 leather armour of Action (worn) {MR+ Slay+4}
   (You found it in an ice cave)

   It affects your accuracy and damage with ranged weapons and melee attacks
   (+4).
   It affects your resistance to hostile enchantments.
Jewellery
 j - the ring of Fiasugoi (left hand) {rC+ rN+ Int+5 Slay+4}
   (You acquired it on level 2 of the Lair of Beasts)

   [ring of slaying]

   It affects your intelligence (+5).
   It affects your accuracy and damage with ranged weapons and melee attacks
   (+4).
   It protects you from cold.
   It protects you from negative energy.
 p - the amulet "Gulemeij" (around neck) {rF++ rN+ Regen+}
   (You found it on level 3 of the Swamp)

   [amulet of regeneration]

   It greatly protects you from fire.
   It protects you from negative energy.
   It increases your rate of regeneration.
 q - the ring of Ryloipoq {rElec rF+ rN+ MR+ SInv}
   (You found it in a treasure trove)

   [ring of protection from magic]

   It protects you from fire.
   It insulates you from electricity.
   It protects you from negative energy.
   It affects your resistance to hostile enchantments.
   It lets you see invisible.
 L - the ring "Aduen" (right hand) {Wiz +Blink rPois}
   (You found it in the Desolation of Salt)

   [ring of wizardry]

   It improves your spell success rate.
   It protects you from poison.
   It lets you blink.
 M - an uncursed ring of resist corrosion
 W - the ring "Netyti Hana" {AC+4 Int+4}
   (You found it in the Desolation of Salt)

   [ring of protection]

   It affects your AC (+4).
   It affects your intelligence (+4).
Wands
 n - a wand of acid (27)
 r - a wand of enslavement (16)
 v - a wand of iceblast (37)
 x - a wand of digging (6)
 C - a wand of disintegration (42)
Scrolls
 a - 10 scrolls of fog
 e - 3 scrolls of immolation
 f - 36 scrolls of remove curse
 i - 6 scrolls of identify
 t - a scroll of blinking
 w - 3 scrolls of enchant armour
 A - 7 scrolls of amnesia
 B - 2 scrolls of holy word
 E - 29 scrolls of teleportation
 U - 6 scrolls of summoning
 V - 6 scrolls of magic mapping
Potions
 c - 7 potions of might
 l - 22 potions of curing
 m - 6 potions of cancellation
 o - 9 potions of brilliance
 z - 12 potions of berserk rage
 D - 7 potions of stabbing
 F - 13 potions of mutation
 G - 14 potions of haste
 H - 2 potions of heal wounds
 J - 13 potions of invisibility
 Q - 2 potions of magic
 R - 17 potions of ambrosia
 Y - a potion of resistance
Miscellaneous
 d - a box of beasts (3/3)
 u - a lightning rod (4/4)
 y - a tin of tremorstones (3/3)
 N - a condenser vane (2/2)
 O - a phantom mirror
 S - a phial of floods


   Skills:
 + Level 17.5 Fighting
 - Level 16.3 Maces & Flails
 - Level 6.0 Armour
 + Level 14.1 Dodging
 - Level 2.1 Stealth
 + Level 15.8 Spellcasting
 + Level 18.2 Conjurations
 + Level 2.2 Necromancy
 + Level 2.4 Transmutations
 * Level 20.8 Fire Magic
 + Level 20.0 Earth Magic
 - Level 10.0 Evocations


You had one spell level left.
You knew the following spells:

 Your Spells              Type           Power        Failure   Level
a - Shatter               Erth           ########..   7%          9
b - Stone Arrow           Conj/Erth      ######       1%          3
c - Lee's Rapid Deconstr  Erth           ########..   1%          5
d - Iron Shot             Conj/Erth      ########..   1%          6
e - Lehudib's Crystal Sp  Conj/Erth      ########..   1%          8
f - Fire Storm            Conj/Fire      ########..   9%          9
g - Ignition              Fire           ########..   1%          8
h - Necromutation         Tmut/Necr      ######....   100%        8

Your spell library contained the following spells:

 Spells                   Type           Power        Failure   Level
 Chain Lightning          Conj/Air       #######...   30%         8
 Absolute Zero            Ice            ####......   100%        9
 Animate Skeleton         Necr           ######       1%          1
 Apportation              Tloc           ####..       1%          1
 Corona                   Hex            ####...      1%          1
 Foxfire                  Conj/Fire      ####         1%          1
 Freeze                   Ice            ####         1%          1
 Magic Dart               Conj           ####         1%          1
 Pain                     Necr           ####         1%          1
 Sandblast                Erth           ######       1%          1
 Shock                    Conj/Air       ####         1%          1
 Sting                    Tmut/Pois      ####         1%          1
 Summon Small Mammal      Summ           ####         1%          1
 Blink                    Tloc           N/A          1%          2
 Call Imp                 Summ           ####....     1%          2
 Corpse Rot               Necr/Air       N/A          1%          2
 Ensorcelled Hibernation  Hex/Ice        ####..       1%          2
 Passwall                 Tmut/Erth      #######.     1%          2
 Poisonous Vapours        Pois/Air       ####..       1%          2
 Searing Ray              Conj           ######       1%          2
 Slow                     Hex            ####....     1%          2
 Swiftness                Air            ####....     1%          2
 Conjure Flame            Conj/Fire      ########     1%          3
 Dazzling Flash           Conj/Hex       ######       1%          3
 Frozen Ramparts          Ice            ####..       1%          3
 Ignite Poison            Fire/Tmut/Pois #######.     1%          3
 Inner Flame              Hex/Fire       #######.     1%          3
 Mephitic Cloud           Conj/Pois/Air  ######..     1%          3
 Static Discharge         Conj/Air       #######.     1%          3
 Vampiric Draining        Necr           ######....   1%          3
 Fulminant Prism          Conj/Hex       #######...   1%          4
 Hailstorm                Conj/Ice       #######.     1%          4
 Iskenderun's Mystic Bla  Conj/Tloc      #######.     1%          4
 Leda's Liquefaction      Hex/Erth       #######...   1%          4
 Petrify                  Tmut/Erth      #######.     1%          4
 Sticky Flame             Conj/Fire      ########     1%          4
 Bolt of Magma            Conj/Fire/Erth ########..   1%          5
 Borgnjor's Vile Clutch   Necr/Erth      #######...   1%          5
 Fireball                 Conj/Fire      ########..   1%          5
 Irradiate                Conj/Tmut      #######...   1%          5
 Lightning Bolt           Conj/Air       #######...   1%          5
 Conjure Ball Lightning   Conj/Air       #######...   1%          6
 Starburst                Conj/Fire      ########..   1%          6
 Orb of Destruction       Conj           ########..   1%          7
 Confusing Touch          Hex            ####....     3%          3
 Gell's Gravitas          Tloc           ####......   3%          3
 Lesser Beckoning         Tloc           ####......   3%          3
 Ozocubu's Armour         Ice            ####....     3%          3
 Portal Projectile        Hex/Tloc       ####..       3%          3
 Summon Guardian Golem    Hex/Summ       ####....     3%          3
 Tukima's Dance           Hex            ####....     3%          3
 Airstrike                Air            ####......   3%          4
 Olgreb's Toxic Radiance  Pois           ####....     3%          4
 Freezing Cloud           Conj/Ice/Air   ######....   3%          6
 Animate Dead             Necr           ######....   4%          4
 Dispel Undead            Necr           ######..     4%          4
 Yara's Violent Unravell  Hex/Tmut       #####.....   4%          5
 Spellforged Servitor     Conj/Summ      #######...   5%          7
 Ice Form                 Ice/Tmut       #####...     6%          4
 Cause Fear               Hex            ####......   10%         4
 Summon Ice Beast         Ice/Summ       ####....     10%         4
 Summon Lightning Spire   Summ/Air       ####....     10%         4
 Agony                    Necr           ######..     11%         5
 Excruciating Wounds      Necr           ######....   11%         5
 Alistair's Intoxication  Tmut/Pois      #####....    16%         5
 Metabolic Englaciation   Hex/Ice        ####......   24%         5
 Silence                  Hex/Air        ####......   24%         5
 Summon Demon             Summ           ####......   24%         5
 Summon Forest            Summ/Tloc      ####......   24%         5
 Summon Mana Viper        Hex/Summ       ####....     24%         5
 Ozocubu's Refrigeration  Ice            ####......   30%         6
 Hydra Form               Tmut           ######....   41%         6
 Eringya's Noxious Bog    Tmut/Pois      #####.....   56%         6
 Simulacrum               Ice/Necr       #####.....   58%         6
 Dispersal                Tloc           ####......   73%         6
 Invisibility             Hex            ####....     73%         6
 Shadow Creatures         Summ           N/A          73%         6
 Dragon Form              Tmut           ######....   90%         7
 Haunt                    Necr/Summ      #####.....   98%         7
 Malign Gateway           Summ/Tloc      ####......   99%         7
 Summon Hydra             Summ           ####......   99%         7
 Borgnjor's Revivificati  Necr           ######....   100%        8
 Discord                  Hex            ####......   100%        8
 Disjunction              Tloc           ####......   100%        8
 Infestation              Necr           ######....   100%        8
 Death's Door             Necr           ######....   100%        9
 Dragon's Call            Summ           ####......   100%        9
 Tornado                  Air            ####......   100%        9
 Sublimation of Blood     Necr           Unusable     N/A         2
 Statue Form              Tmut/Erth      Unusable     N/A         6

Dungeon Overview and Level Annotations

Branches:
Dungeon (15/15)            Temple (1/1) D:4            Lair (6/6) D:9
  Swamp (4/4) Lair:3       Spider (4/4) Lair:4        Slime (0/5) Lair:6
    Orc (2/2) D:11            Elf (3/3) Orc:2        Vaults (5/5) D:13
  Crypt (3/3) Vaults:3       Tomb (0/3) Crypt:3      Depths (3/5) D:15
 Bailey (visited)           IceCv (visited)         Volcano (visited)
 WizLab (visited)         Desolation (visited)

Altars:
Ashenzari
Cheibriados
Dithmenos
Elyvilon
Fedhas
Gozag
Hepliaklqana
Kikubaaqudgha
Makhleb
Nemelex Xobeh
Okawaru
Qazlal
Ru
Sif Muna
Trog
Uskayaw
Vehumet
Wu Jian
Xom
Yredelemnul
Zin
The Shining One
Beogh

Shops:
D:8 [   D:11 =   D:13 }   Orc:1 [(   Orc:2 [(=!   Elf:1 *   Vaults:5 !=}:[??

Portals:
Hell: Depths:1 Depths:2
Abyss: Depths:3
Ziggurat: Depths:2

Annotations:
Elf:2 3 runed translucent doors
Vaults:3 Ecihucs's ghost, adept GrEE; Erghig's ghost, adept DrIE


Innate Abilities, Weirdness & Mutations

You are resistant to torment.
Your stone body is resilient. (AC +20)
You are immune to poison.
Your large and strong wings let you fly indefinitely.
You resist negative energy. (rN+)
You are resistant to electric shocks. (rElec)
You can survive without breathing.
You are immune to petrification.
You are immune to rotting.
You can translocate small distances at will.
You possess an exceptional clarity of mind.
Your flesh is cold resistant. (rC+)
Your spells are a little harder to cast, but a little more powerful.


Message History

The fireball engulfs the fire giant.
The fire giant resists.
The fire giant is heavily wounded.
The spark wasp misses you. The spark wasp completely misses you.
The fire giant hits you with a +2 great sword of flaming!
* * * LOW HITPOINT WARNING * * *
The fire giant burns you.
* * * LOW HITPOINT WARNING * * *
The spark wasp closely misses you.
The frost giant points at you and mumbles some strange words.
The bolt of cold hits you. You resist.
* * * LOW HITPOINT WARNING * * *
Unknown command.
Unknown command.
Magic courses through your body. The spark wasp closely misses you.
The fire giant gestures at you while chanting.
The bolt of fire hits you! You resist.
* * * LOW HITPOINT WARNING * * *
The frost giant points at you and mumbles some strange words.
The bolt of cold hits you! You resist.
You die...

.......))†).....†..C..#
.......................
.......)....†.((.......
.........(†.†(.)....C..
...........)?.<(.......
.............(()>......
#..............†......#
##C..yy.C.........[[...
#.#...@..........)....
#..............(......
#...#............Cu...
######............†..i
##...............
##..... #.... ....


You could see a frost giant, a fire giant and 2 spark wasps.

Vanquished Creatures
  An ancient lich (Crypt:3)
  A juggernaut (Depths:2)
  Saint Roka (Orc:2)
  3 golden dragons
  A Hellbinder (WizLab)
  Nikola (Swamp:3)
  The ghost of brk the Warrior, an adept NaFi of Okawaru (Vaults:3)
  2 bone dragons (Crypt:3)
  6 liches
  The ghost of Renjy the Severer, an adept FoFi of the Shining One (Vaults:3)
  Arachne (Spider:3)
  4 hellephants (Depths:2)
  The ghost of Vusucy the Earth Mage, an adept GrEE of Sif Muna (Vaults:3)
  7 tentacled monstrosities
  The ghost of Ynisk the Swashbuckler, an adept HaHu of Okawaru (Vaults:3)
  The ghost of Pyinoph the Champion of Chaos, an adept DDFi of Makhleb (Vaults:3)
  3 deep elf blademasters (Elf:3)
  5 titans
  2 deep elf master archers (Elf:3)
  3 thorn hunters
  3 sphinxes
  Kirke (Swamp:3)
  8 ancient champions
  2 storm dragons (Vaults:5)
  5 tengu reavers
  An azure jelly (shapeshifter) (Depths:2)
  3 revenants (Crypt:3)
  5 shadow dragons
  Roxanne (Swamp:1)
  13 fire giants
  2 iron dragons (Depths:2)
  9 vault wardens
  3 imperial myrmidons (Desolation)
  11 frost giants
  9 ghouls
  7 deep elf sorcerers
  10 emperor scorpions
  2 cacodemons (WizLab)
  2 balrugs (WizLab)
  Aizul (Spider:4)
  2 curse skulls (Crypt:2)
  13 ironheart preservers
  A deep elf elementalist (Elf:3)
  13 stone giants
  3 war gargoyles
  10 deep elf demonologists
  5 entropy weavers
  18 very ugly things
  A juggernaut skeleton (Crypt:1)
  A lorocyproca (WizLab)
  A stone giant (shapeshifter) (Depths:2)
  10 vampire knights
  A blood saint (WizLab)
  5 spark wasps
  4 dire elephants (Lair:6)
  3 halazid warlocks (Desolation)
  11 deep elf annihilators
  A minotaur (shapeshifter) (Vaults:5)
  A green death (WizLab)
  4 fire dragons
  10 deep elf death magi
  8 crystal guardians
  14 ettins
  6 eidola
  6 great orbs of eyes
  9 jiangshi
  14 deep elf high priests
  7 ragged hierophants (Desolation)
  12 yaktaur captains
  A quicksilver dragon skeleton (Crypt:2)
  32 vault guards
  4 hell beasts (WizLab)
  The ghost of Oggdrasil the Slicer, a journeyman KoBr of Wu Jian (D:10)
  8 servants of whispers (Desolation)
  6 ice dragons
  7 peacekeepers (Desolation)
  28 hydras
  7 rakshasas
  3 spriggan air magi
  3 death knights
  An anaconda (Lair:6)
  A catoblepas (Lair:6)
  Erica (Lair:2)
  20 ogre magi
  2 ghost crabs
  12 centaur warriors
  12 alligators
  49 two-headed ogres
  6 deep troll shamans
  4 death yaks (Lair:6)
  2 two-headed ogres (shapeshifter)
  A deep troll earth mage (Depths:3)
  6 vampire magi
  3 tengu warriors
  8 dancing weapons
  A titan zombie (Vaults:3)
  2 orc high priests (Orc:2)
  A spriggan berserker (Depths:2)
  2 sun demons (WizLab)
  2 soul eaters (WizLab)
  2 small abominations (Elf:3)
  13 deep elf knights
  65 skeletal warriors
  12 hell knights
  2 titan skeletons (Crypt:3)
  4 shadow wraiths
  2 sixfirhies (WizLab)
  14 deep trolls
  An orange crystal statue (Depths:2)
  8 glowing orange brains
  A deep troll (shapeshifter) (Vaults:5)
  17 swamp dragons
  2 unseen horrors
  A storm dragon skeleton (Crypt:3)
  4 flayed ghosts
  3 golden dragon skeletons
  18 ironbrand convokers
  4 necromancers
  21 orc knights
  17 deep elf archers
  15 phantasmal warriors
  55 deep elf magi
  4 wizards
  2 shadow dragon skeletons (Crypt:3)
  A wolf spider zombie (D:15)
  47 wolf spiders
  25 orb spiders
  11 orc sorcerers
  4 moths of wrath
  6 cyclopes
  3 manticores
  A human zombie (Vaults:3)
  A sphinx skeleton (Crypt:3)
  42 ugly things
  A frost giant zombie (Vaults:3)
  4 oklob plants (Lair:6)
  A salamander (shapeshifter) (Vaults:1)
  A fire giant zombie (Crypt:1)
  3 stone giant skeletons
  4 frost giant skeletons
  Maurice (Orc:2)
  2 black mambas
  8 elephants
  21 vault sentinels
  A rust devil (WizLab)
  A cane toad (shapeshifter) (Depths:2)
  3 ice statues (IceCv)
  3 human skeletons (Vaults:3)
  5 orange demons (WizLab)
  3 molten gargoyles
  A smoke demon (WizLab)
  3 guardian serpents
  11 cane toads
  2 hellions (Depths:2)
  4 torpor snails
  9 demonic crawlers
  A black draconian zombie (Crypt:2)
  4 centaur skeletons
  13 komodo dragons
  A rime drake (Lair:6)
  A kobold demonologist (D:12)
  A komodo dragon (shapeshifter) (Elf:1)
  2 efreet (D:14)
  35 yaktaurs
  A yaktaur (shapeshifter) (Vaults:1)
  A redback zombie (Crypt:2)
  A green draconian skeleton (Crypt:2)
  A hellwing (WizLab)
  5 red devils (WizLab)
  5 freezing wraiths
  A tormentor (WizLab)
  A golden dragon simulacrum (Crypt:2)
  A minotaur skeleton (Crypt:1)
  A tengu conjurer (Depths:2)
  A polar bear (shapeshifter) (Vaults:3)
  A harpy zombie (D:14)
  A queen bee (Lair:3)
  2 ice devils (WizLab)
  2 queen bees (shapeshifter)
  A wolf spider simulacrum (D:15)
  2 meliai (shapeshifter)
  7 trolls
  41 jumping spiders
  48 saltlings (Desolation)
  A tarantella zombie (Crypt:3)
  14 tyrant leeches
  31 slime creatures
  2 hydra skeletons (Crypt:3)
  16 blink frogs
  12 dream sheep (Lair:4)
  14 bog bodies
  17 hornets
  A jumping spider (shapeshifter) (Depths:1)
  2 stone giant simulacra
  A hippogriff (shapeshifter) (Vaults:1)
  8 hippogriffs
  A death drake skeleton (Crypt:1)
  15 flying skulls
  6 water elementals
  8 spriggans
  Sigmund (D:5)
  An air elemental (Elf:2)
  2 shadows
  56 redbacks
  33 tarantellas
  A spriggan (shapeshifter) (Depths:2)
  An ettin skeleton (Crypt:3)
  18 yaks
  3 wyverns
  4 fire elementals
  3 black mamba skeletons
  Eustachio (D:6)
  8 wraiths
  20 humans (D:13)
  3 neqoxecs (D:10)
  18 vampire mosquitoes
  2 steam dragons
  A yaktaur simulacrum (Vaults:3)
  2 hogs (Swamp:3)
  2 basilisks
  4 acid dragons
  7 wargs
  6 insubstantial wisps (Swamp:2)
  Edmund (D:4)
  3 soldier ants
  Menkaure (D:4)
  13 swamp worms
  4 water moccasins
  7 porcupines
  2 cane toad skeletons
  2 floating eyes (Depths:2)
  3 sky beasts
  16 swamp drakes
  A hornet zombie (D:15)
  13 ice beasts
  48 orc warriors
  2 black bears (D:7)
  3 eyes of draining
  A phantom (D:5)
  45 ogres
  6 boggarts
  13 necrophages
  A swamp dragon skeleton (Crypt:1)
  An ettin simulacrum (Vaults:3)
  A centaur (shapeshifter) (Vaults:5)
  18 centaurs
  13 crocodiles
  A manticore skeleton (Crypt:3)
  A salamander zombie (Crypt:3)
  17 bullfrogs
  A fire crab zombie (Crypt:3)
  2 gnoll sergeants
  2 earth elementals (Elf:3)
  11 scorpions
  3 wyvern skeletons
  A raiju zombie (Crypt:3)
  A warg zombie (Crypt:2)
  A polar bear zombie (Crypt:3)
  16 wights
  28 killer bees
  A yak skeleton (Crypt:1)
  6 electric eels
  A crimson imp (Depths:1)
  6 howler monkeys
  2 lava snakes (Volcano)
  4 centaur zombies
  4 quasits
  A wolf skeleton (Crypt:2)
  3 bullfrog zombies
  3 hounds
  33 orc priests
  A gnoll shaman (D:8)
  44 orc wizards
  Ijyb (D:5)
  An iguana (D:4)
  A basilisk skeleton (Crypt:1)
  9 worker ants
  A demigod zombie (Crypt:2)
  A naga zombie (Crypt:3)
  A hound zombie (D:5)
  2 hound skeletons
  A howler monkey zombie (D:8)
  20 gnolls
  A howler monkey skeleton (D:4)
  7 adders
  3 shadow imps
  A white imp (D:8)
  2 ufetubi
  3 oozes
  An iguana zombie (Crypt:3)
  A worm (D:2)
  A barachi zombie (Crypt:2)
  A dart slug (D:1)
  9 leopard geckos
  160 orcs
  7 giant cockroaches
  10 goblins
  8 hobgoblins
  20 jackals
  4 quokkas
  3 ball pythons
  A ball python zombie (Crypt:3)
  8 bats
  5 frilled lizards
  A gnoll skeleton (Crypt:1)
  2 jackal skeletons
  10 kobolds
  A leopard gecko zombie (D:6)
  A quokka skeleton (D:7)
  A quokka zombie (D:5)
  6 rats
  3 briar patches (Swamp:1)
  2 crawling corpses (Elf:3)
  A pillar of salt (Elf:2)
2356 creatures vanquished.

Vanquished Creatures (collateral kills)
  the Lernaean hydra (Swamp:4)
  A swamp drake (Swamp:4)
2 creatures vanquished.

Vanquished Creatures (others)
  A ghost moth (Spider:2)
  A phantasmal warrior (Vaults:5)
  A hornet (Swamp:2)
  A wraith (Crypt:2)
  A human (Swamp:3)
  A briar patch (Swamp:1)
  23 fungi
  A pillar of salt (Elf:2)
  52 plants
  16 withered plants (Crypt:3)
98 creatures vanquished.

Grand Total: 2456 creatures vanquished

Notes
Turn   | Place    | Note
-------+----------+-------------------------------------------
     0 | D:1      | Hores the Gargoyle Earth Elementalist began the quest for
                  | the Orb.
     0 | D:1      | Reached XP level 1. HP: 10/10 MP: 3/3
   122 | D:1      | Reached XP level 2. HP: 6/15 MP: 0/5
   824 | D:1      | Reached XP level 3. HP: 19/19 MP: 6/6
   829 | D:1      | Learned a level 3 spell: Stone Arrow
  1121 | D:2      | Found a shadowy altar of Dithmenos.
  1293 | D:2      | Reached skill level 1 in Conjurations
  1423 | D:2      | Found a sparkling altar of Nemelex Xobeh.
  1480 | D:2      | Reached XP level 4. HP: 16/24 MP: 0/8
  2397 | D:3      | Reached skill level 5 in Earth Magic
  2426 | D:3      | Found a shadowy altar of Dithmenos.
  2506 | D:3      | Reached XP level 5. HP: 11/28 MP: 5/9
  2697 | D:3      | Found a snail-covered altar of Cheibriados.
  2701 | D:3      | Found a glowing golden altar of the Shining One.
  2709 | D:3      | Found a shattered altar of Ashenzari.
  2713 | D:3      | Found an ancient bone altar of Kikubaaqudgha.
  2717 | D:3      | Found a burning altar of Makhleb.
  2721 | D:3      | Found an iron altar of Okawaru.
  2728 | D:3      | Found a stormy altar of Qazlal.
  3617 | D:4      | Found a staircase to the Ecumenical Temple.
  3622 | Temple   | Entered the Ecumenical Temple
  3673 | Temple   | Became a worshipper of Vehumet
  3792 | D:4      | Found a white marble altar of Elyvilon.
  3829 | D:4      | Learned a level 5 spell: Lee's Rapid Deconstruction
  3859 | D:4      | Reached XP level 6. HP: 32/32 MP: 7/11
  4167 | D:4      | Noticed an angel
  4286 | D:4      | Found a shimmering altar of Xom.
  4286 | D:4      | Found a glowing silver altar of Zin.
  4418 | D:4      | Noticed Edmund
  4430 | D:4      | Killed Edmund
  4430 | D:4      | Reached XP level 7. HP: 14/36 MP: 0/13
  4991 | D:5      | Entered Level 5 of the Dungeon
  5235 | D:5      | Reached * piety under Vehumet
  5235 | D:5      | Offered knowledge of Foxfire by Vehumet.
  5237 | D:5      | Noticed Ijyb
  5246 | D:5      | Killed Ijyb
  5294 | D:5      | Noticed Sigmund
  5303 | D:5      | Killed Sigmund
  5557 | D:5      | Reached skill level 5 in Spellcasting
  5557 | D:5      | Reached skill level 5 in Conjurations
  5557 | D:5      | Reached XP level 8. HP: 41/41 MP: 15/15
  5700 | D:5      | Noticed Menkaure
  5716 | D:4      | Killed Menkaure
  5737 | D:5      | Reached skill level 1 in Armour
  5737 | D:5      | Reached skill level 1 in Fighting
  5760 | D:5      | Reached skill level 1 in Maces & Flails
  5760 | D:5      | Reached skill level 1 in Evocations
  6523 | D:6      | Found a shimmering blue altar of Sif Muna.
  6631 | D:6      | Noticed Eustachio
  6638 | D:6      | Killed Eustachio
  6959 | D:6      | Reached XP level 9. HP: 45/48 MP: 17/17
  7049 | D:6      | Identified Sif Muna's Collected Works on Lightness
  7940 | D:7      | Found a bloodstained altar of Trog.
  8072 | D:7      | Reached ** piety under Vehumet
  8072 | D:7      | Offered knowledge of Magic Dart by Vehumet.
  9281 | D:8      | Offered knowledge of Dazzling Flash by Vehumet.
  9293 | D:8      | Reached XP level 10. HP: 31/56 MP: 16/19
  9477 | D:8      | Reached *** piety under Vehumet
  9717 | D:8      | Found Milouma's Antique Armour Emporium.
 10263 | D:9      | Found a staircase to the Lair.
 10307 | D:9      | Gained mutation: You are weak. (Str -2) [potion of
                  | mutation]
 10307 | D:9      | Gained mutation: You are somewhat resistant to further
                  | mutation. [potion of mutation]
 10321 | D:9      | Offered knowledge of Sticky Flame by Vehumet.
 11024 | D:10     | Entered Level 10 of the Dungeon
 11099 | D:10     | Found a transporter.
 11159 | D:10     | Noticed Oggdrasil's ghost (journeyman KoBr)
 11227 | D:10     | Found a transporter.
 11373 | D:10     | Noticed a two-headed ogre
 11378 | D:10     | Killed a two-headed ogre
 12111 | D:10     | Reached skill level 5 in Fighting
 12117 | D:10     | Reached skill level 5 in Armour
 12122 | D:10     | Reached **** piety under Vehumet
 12122 | D:10     | Reached XP level 11. HP: 63/63 MP: 21/21
 12149 | D:10     | Killed Oggdrasil's ghost
 12394 | D:11     | Offered knowledge of Iskenderun's Battlesphere by Vehumet.
 12482 | D:11     | Reached skill level 5 in Maces & Flails
 12557 | D:11     | Noticed a manticore
 13440 | D:11     | Noticed a manticore
 13456 | D:11     | Killed a manticore
 14146 | D:11     | Reached skill level 10 in Earth Magic
 14146 | D:11     | Reached skill level 5 in Evocations
 14173 | D:11     | Noticed a five-headed hydra
 14177 | D:11     | Killed a five-headed hydra
 14266 | D:11     | Killed a manticore
 14343 | D:11     | Reached skill level 5 in Dodging
 14374 | D:11     | Found Enuehony's Jewellery Shoppe.
 14579 | D:11     | Found a staircase to the Orcish Mines.
 14896 | D:12     | Reached ***** piety under Vehumet
 14896 | D:12     | Offered knowledge of Airstrike by Vehumet.
 15084 | D:12     | Noticed a cyclops
 15114 | D:12     | Killed a cyclops
 15114 | D:12     | Reached XP level 12. HP: 39/71 MP: 23/23
 15589 | D:12     | Learned a level 5 spell: Fireball
 15875 | D:12     | Reached skill level 1 in Fire Magic
 15882 | D:12     | Noticed a seven-headed hydra
 15884 | D:12     | Killed a seven-headed hydra
 16394 | D:13     | Noticed a four-headed hydra
 16403 | D:13     | Killed a four-headed hydra
 16693 | D:13     | Found Kucun's Gadget Shop.
 16713 | D:13     | Noticed a vault guard
 16721 | D:13     | Noticed a vault guard
 16746 | D:13     | Killed a vault guard
 16749 | D:13     | Killed a vault guard
 16775 | D:13     | Noticed a vault guard
 16787 | D:13     | Noticed a vault guard
 16797 | D:13     | Killed a vault guard
 16797 | D:13     | Reached XP level 13. HP: 41/76 MP: 9/25
 16807 | D:13     | Killed a vault guard
 17215 | D:13     | Found a gate to the Vaults.
 17453 | D:13     | Offered knowledge of Olgreb's Toxic Radiance by Vehumet.
 17608 | D:14     | Found a flagged portal.
 17618 | Bailey   | Entered a bailey
 17756 | Bailey   | Reached skill level 5 in Fire Magic
 18612 | D:14     | Found a shimmering altar of Xom.
 18624 | D:14     | Found a portal to a secret trove of treasure.
 19259 | D:14     | Found a shimmering altar of Xom.
 20036 | Lair:1   | Entered Level 1 of the Lair of Beasts
 20065 | Lair:1   | Lost mutation: You are somewhat resistant to further
                  | mutation. [potion of mutation]
 20065 | Lair:1   | Lost mutation: You are weak. (Str -2) [potion of mutation]
 20065 | Lair:1   | Gained mutation: You can translocate small distances at
                  | will. [potion of mutation]
 20065 | Lair:1   | Gained mutation: You possess an exceptional clarity of
                  | mind. [potion of mutation]
 20229 | Lair:1   | Found a dark tunnel.
 20237 | Volcano  | Entered a volcano
 20490 | Volcano  | Found a burning altar of Makhleb.
 20974 | Lair:1   | Gained mutation: Your large and strong wings let you fly
                  | indefinitely. [Gargoyle growth]
 20974 | Lair:1   | Reached XP level 14. HP: 84/84 MP: 14/26
 21102 | Lair:1   | Reached skill level 10 in Conjurations
 21154 | Lair:1   | Offered knowledge of Bolt of Magma by Vehumet.
 21803 | Lair:2   | Found a frozen archway.
 21813 | IceCv    | Entered an ice cave
 21823 | IceCv    | Learned a level 5 spell: Bolt of Magma
 21841 | IceCv    | Got a masterwork leather armour
 22162 | IceCv    | Got an ancient mace
 22163 | IceCv    | Identified the +10 mace "Gucemor" {vorpal, Dex+3} (You
                  | found it in an ice cave)
 22321 | Lair:2   | Noticed Erica
 22335 | Lair:2   | Killed Erica
 22802 | Lair:2   | Identified 3 scrolls of acquirement
 22802 | Lair:2   | Acquired 800 gold pieces
 22806 | Lair:2   | Acquired 1440 gold pieces
 22810 | Lair:2   | Acquired the ring of Fiasugoi {rC+ rN+ Int+5 Slay+4}
 24448 | Lair:3   | Found a staircase to the Swamp.
 24556 | Lair:4   | Offered knowledge of Orb of Destruction by Vehumet.
 24583 | Lair:4   | Learned a level 7 spell: Orb of Destruction
 24883 | Lair:4   | Found a hole to the Spider Nest.
 25490 | Lair:5   | Identified the cursed +1 leather armour of Action {MR+
                  | Slay+4} (You found it in an ice cave)
 25722 | Lair:5   | You are sucked into a shaft and drop 1 floor!
 25722 | Lair:6   | Entered Level 6 of the Lair of Beasts
 27457 | Lair:6   | Reached XP level 15. HP: 27/90 MP: 7/28
 28230 | Lair:6   | Found a shimmering altar of Xom.
 28809 | Lair:6   | Found a staircase to the Slime Pits.
 29407 | Lair:6   | Identified the ring "Peff" {MR+ Int+6 Dex+2} (You found it
                  | on level 6 of the Lair of Beasts)
 29580 | Lair:6   | Learned a level 2 spell: Passwall
 29637 | Lair:6   | Got a crude brass ring
 29638 | Lair:6   | Identified the ring of Neurosis {Str+5 Int-4 Stlth-} (You
                  | found it on level 6 of the Lair of Beasts)
 30076 | Orc:1    | Entered Level 1 of the Orcish Mines
 30098 | Orc:1    | Offered knowledge of Starburst by Vehumet.
 30364 | Orc:1    | Found Jidohi's Antique Weapon Emporium.
 30426 | Orc:1    | Found Imauscha's Antique Armour Boutique.
 30643 | Orc:2    | Entered Level 2 of the Orcish Mines
 30649 | Orc:2    | Found a bloodstained altar of Trog.
 30664 | Orc:2    | Found a staircase to the Elven Halls.
 30676 | Orc:2    | Noticed Maurice
 31525 | Orc:2    | Noticed Saint Roka
 31548 | Orc:2    | Killed Saint Roka
 31879 | Orc:2    | Killed Maurice
 31998 | Orc:2    | Offered knowledge of Iron Shot by Vehumet.
 32022 | Orc:2    | Learned a level 6 spell: Iron Shot
 32188 | Orc:2    | Reached skill level 10 in Fighting
 32693 | Orc:2    | Found Zoczisy's Distillery.
 32693 | Orc:2    | Found Tuygh's Jewellery Shop.
 32694 | Orc:2    | Found Fihiwny's Armour Boutique.
 32697 | Orc:2    | Found Behi's Weapon Boutique.
 32704 | Orc:2    | Bought a potion of heal wounds for 80 gold pieces
 32704 | Orc:2    | Bought a potion of might for 64 gold pieces
 32704 | Orc:2    | Bought a potion of brilliance for 64 gold pieces
 32704 | Orc:2    | Bought a potion of brilliance for 64 gold pieces
 32704 | Orc:2    | Bought a potion of haste for 160 gold pieces
 32704 | Orc:2    | Bought a potion of invisibility for 128 gold pieces
 32704 | Orc:2    | Bought a potion of mutation for 128 gold pieces
 32704 | Orc:2    | Bought a potion of curing for 48 gold pieces
 33018 | Orc:2    | Reached skill level 10 in Spellcasting
 33128 | Orc:1    | Found a roughly hewn altar of Beogh.
 33352 | D:15     | Entered Level 15 of the Dungeon
 33393 | D:15     | Reached skill level 10 in Fire Magic
 34047 | D:15     | Found a staircase to the Depths.
 34058 | D:15     | Reached XP level 16. HP: 92/97 MP: 30/30
 35178 | Swamp:1  | Entered Level 1 of the Swamp
 35179 | Swamp:1  | Noticed a thorn hunter
 35184 | Swamp:1  | Killed a thorn hunter
 36078 | Swamp:1  | Noticed Roxanne
 36082 | Swamp:1  | Killed Roxanne
 37101 | Swamp:2  | Offered knowledge of Lehudib's Crystal Spear by Vehumet.
 37249 | Swamp:2  | Reached skill level 10 in Maces & Flails
 37618 | Swamp:2  | Learned a level 8 spell: Lehudib's Crystal Spear
 38775 | Swamp:3  | Noticed Kirke
 38781 | Swamp:3  | Killed Kirke
 39013 | Swamp:3  | Reached XP level 17. HP: 72/104 MP: 22/31
 39151 | Swamp:3  | Found a transporter.
 39416 | Swamp:3  | Found a transporter.
 39488 | Swamp:3  | Noticed Nikola
 39497 | Swamp:3  | Killed Nikola
 39950 | Swamp:3  | Got a twitching steel amulet
 39951 | Swamp:3  | Identified the amulet "Gulemeij" {rF++ rN+ Regen+} (You
                  | found it on level 3 of the Swamp)
 39975 | Swamp:3  | Got a fine lajatang
 39976 | Swamp:3  | Identified the +4 lajatang "Anly" {vorpal, *Noise rElec
                  | MR+++ Int-5} (You found it on level 3 of the Swamp)
 39987 | Swamp:3  | Got a shimmering silver ring
 39994 | Swamp:3  | Identified the ring of Gekea {*Tele +Inv Dex+2 Stlth+} (You
                  | found it on level 3 of the Swamp)
 40003 | Swamp:4  | Entered Level 4 of the Swamp
 40529 | Swamp:4  | Reached ****** piety under Vehumet
 40817 | Swamp:4  | Offered knowledge of Fire Storm by Vehumet.
 40817 | Swamp:4  | Offered knowledge of Chain Lightning by Vehumet.
 40817 | Swamp:4  | Offered knowledge of Absolute Zero by Vehumet.
 41016 | Swamp:4  | Noticed the 27-headed Lernaean hydra
 41020 | Swamp:4  | Killed the 27-headed Lernaean hydra
 41289 | Swamp:4  | Got a decaying rune of Zot
 41595 | Spider:1 | Entered Level 1 of the Spider Nest
 42541 | Spider:2 | Reached skill level 10 in Evocations
 42688 | Spider:2 | Reached XP level 18. HP: 110/110 MP: 27/33
 45245 | Spider:3 | Noticed Arachne
 45257 | Spider:3 | Killed Arachne
 46137 | Elf:1    | Entered Level 1 of the Elven Halls
 46266 | Elf:1    | Found Qouck's Assorted Antiques.
 46274 | Elf:1    | Bought a scroll of enchant armour for 210 gold pieces
 46274 | Elf:1    | Bought a potion of mutation for 224 gold pieces
 46274 | Elf:1    | Bought a potion of curing for 84 gold pieces
 46274 | Elf:1    | Bought a potion of heal wounds for 140 gold pieces
 46274 | Elf:1    | Bought a scroll of enchant armour for 210 gold pieces
 46274 | Elf:1    | Bought a scroll of teleportation for 84 gold pieces
 46299 | Elf:1    | Noticed a Tzitzimitl
 46776 | Elf:1    | Identified Buqeaditt's Tome of Summoning
 47043 | Elf:1    | Reached XP level 19. HP: 117/117 MP: 34/34
 47249 | Elf:1    | Found an ancient bone altar of Kikubaaqudgha.
 47293 | Elf:1    | Reached skill level 15 in Earth Magic
 47593 | Elf:2    | Reached skill level 10 in Dodging
 47640 | Elf:2    | Found a ruined gateway.
 47649 | Desolati | Entered the Desolation of Salt
 47700 | Desolati | Got a transparent lapis lazuli ring
 47701 | Desolati | Identified the ring of Ranuq {Str+6 Stlth-} (You found it
                  | in the Desolation of Salt)
 47891 | Desolati | Learned a level 2 spell: Passwall
 47927 | Desolati | Got a steaming platinum ring
 47928 | Desolati | Identified the ring "Aduen" {Wiz +Blink rPois} (You found
                  | it in the Desolation of Salt)
 48454 | Desolati | Identified the Volume of the Birds and Heat
 48470 | Desolati | Learned a level 8 spell: Ignition
 48470 | Desolati | Identified Sif Muna's Tome of Summoning and Fire
 48703 | Desolati | Found the +7 pair of quick blades "Gyre" and "Gimble"
                  | {protect}
 48708 | Desolati | Got a translucent silver ring
 48709 | Desolati | Identified the ring "Netyti Hana" {AC+4 Int+4} (You found
                  | it in the Desolation of Salt)
 48758 | Desolati | Identified the ring of Buwe {rPois rC+ rN+ Str-2 Int+6}
 48784 | Desolati | Identified the Collected Works on the Evil Compass
 48787 | Desolati | Identified the Tome of Feathers and the Escort
 49432 | Elf:2    | Got a pair of bloodstained boots
 49443 | Elf:2    | Identified the +1 pair of boots "Hatyo" {rCorr Str+5 Int+3}
                  | (You found it on level 2 of the Elven Halls)
 49718 | Elf:2    | Found a runed translucent gate.
 49718 | Elf:2    | Found a runed translucent gate.
 49718 | Elf:2    | Found a runed translucent gate.
 49902 | Elf:3    | Entered Level 3 of the Elven Halls
 49945 | Elf:3    | Noticed a Tzitzimitl
 50413 | Elf:3    | Reached XP level 20. HP: 124/124 MP: 36/36
 50539 | Elf:3    | Reached skill level 15 in Fire Magic
 50825 | Elf:3    | Got a bound pewter ring
 50828 | Elf:3    | Identified the ring "Xyomui" {rF+ Int+2 Dex+2} (You found
                  | it on level 3 of the Elven Halls)
 50858 | Elf:3    | Identified the +2 broad axe "Reapyago" {freeze, rElec MR+}
 51465 | Spider:4 | Entered Level 4 of the Spider Nest
 51565 | Spider:4 | Identified the +4 leather armour "Esowayq" {rElec rPois
                  | Str-4 Dex-4} (You found it on level 4 of the Spider Nest)
 51580 | Spider:4 | Noticed Aizul
 51608 | Spider:4 | Killed Aizul
 52732 | Spider:4 | Got a gossamer rune of Zot
 53259 | Vaults:1 | Entered Level 1 of the Vaults
 53375 | Vaults:1 | Reached XP level 21. HP: 124/130 MP: 37/37
 55630 | Vaults:2 | Reached skill level 15 in Conjurations
 55909 | Vaults:2 | Identified the Catalogue of Enthralling Toxins
 56583 | Vaults:2 | Reached XP level 22. HP: 137/137 MP: 17/39
 56851 | Vaults:2 | Identified the amulet "Deinaips" {Faith rC+}
 57557 | Vaults:3 | Found a magical portal.
 57580 | WizLab   | Entered The Hall of the Hellbinder
 57762 | WizLab   | Gained mutation: Your spells are a little harder to cast,
                  | but a little more powerful. [a cacodemon]
 58082 | WizLab   | HP: 1/138 [something (16)]
 58598 | WizLab   | Found a burning altar of Makhleb.
 58618 | WizLab   | Noticed Ugeycaxo
 58631 | WizLab   | Killed Ugeycaxo the Hellbinder
 58754 | WizLab   | Found the +4 skin of Zhor {Englaciate rC+++ SInv}
 58773 | WizLab   | Got a heavily runed brass ring
 58774 | WizLab   | Identified the ring "Joiss" {Int+5 Dex-5 Stlth+} (You found
                  | it in a wizard's laboratory)
 58825 | WizLab   | Identified Mnoleg's Incunabulum of Summoning
 58832 | WizLab   | Got an ancient iron ring
 58833 | WizLab   | Identified the ring "Hazing" {Ice rPois rN+++ Dex+2 Stlth-}
                  | (You found it in a wizard's laboratory)
 59423 | Vaults:3 | Found a huge runed gate.
 59424 | Vaults:3 | Found a huge runed gate.
 59425 | Vaults:3 | Found a huge runed gate.
 59426 | Vaults:3 | Found a huge runed gate.
 59426 | Vaults:3 | Found a huge runed gate.
 59426 | Vaults:3 | Found a huge runed gate.
 59426 | Vaults:3 | Found a huge runed gate.
 59427 | Vaults:3 | Found a huge runed gate.
 59427 | Vaults:3 | Found a huge runed gate.
 59427 | Vaults:3 | Found a huge runed gate.
 59428 | Vaults:3 | Found a huge runed gate.
 59429 | Vaults:3 | Found a huge runed gate.
 59429 | Vaults:3 | Found a huge runed gate.
 59430 | Vaults:3 | Found a huge runed gate.
 59431 | Vaults:3 | Found a huge runed gate.
 59432 | Vaults:3 | Found a huge runed gate.
 59441 | Vaults:3 | Found a huge runed gate.
 59441 | Vaults:3 | Found a huge runed gate.
 59441 | Vaults:3 | Found a huge runed gate.
 59441 | Vaults:3 | Found a huge runed gate.
 59441 | Vaults:3 | Found a huge runed gate.
 59441 | Vaults:3 | Found a huge runed gate.
 59441 | Vaults:3 | Found a huge runed gate.
 59444 | Vaults:3 | Found a huge runed gate.
 59445 | Vaults:3 | Found a huge runed gate.
 59453 | Vaults:3 | Found a huge runed gate.
 59453 | Vaults:3 | Found a huge runed gate.
 59453 | Vaults:3 | Found a huge runed gate.
 59453 | Vaults:3 | Found a huge runed gate.
 59453 | Vaults:3 | Found a huge runed gate.
 59453 | Vaults:3 | Found a huge runed gate.
 59453 | Vaults:3 | Found a huge runed gate.
 59508 | Vaults:3 | Found a huge runed gate.
 59508 | Vaults:3 | Found a huge runed gate.
 59508 | Vaults:3 | Found a huge runed gate.
 59513 | Vaults:3 | Found a huge runed gate.
 59771 | Vaults:3 | Found a staircase to the Crypt.
 60208 | Vaults:3 | Noticed Renjy's ghost (adept FoFi)
 60208 | Vaults:3 | Noticed brk's ghost (adept NaFi)
 60208 | Vaults:3 | Noticed Ynisk's ghost (adept HaHu)
 60208 | Vaults:3 | Noticed Erghig's ghost (adept DrIE)
 60208 | Vaults:3 | Noticed Pyinoph's ghost (adept DDFi)
 60208 | Vaults:3 | Noticed Vusucy's ghost (adept GrEE)
 60208 | Vaults:3 | Noticed Ecihucs's ghost (adept GrEE)
 60211 | Vaults:3 | Killed Vusucy's ghost
 60212 | Vaults:3 | Killed Ynisk's ghost
 60212 | Vaults:3 | Reached XP level 23. HP: 82/144 MP: 32/40
 60213 | Vaults:3 | Killed Pyinoph's ghost
 60221 | Vaults:3 | HP: 5/144 [Renjy's ghost (6)]
 60360 | Vaults:3 | Killed brk's ghost
 60360 | Vaults:3 | Reached skill level 15 in Fighting
 60491 | Vaults:3 | Killed Renjy's ghost
 62092 | Vaults:5 | Entered Level 5 of the Vaults
 62101 | Vaults:5 | Noticed a golden dragon
 62182 | Vaults:4 | Learned a level 9 spell: Shatter
 62190 | Vaults:5 | Killed a golden dragon
 62229 | Vaults:5 | Reached XP level 24. HP: 139/151 MP: 38/41
 62672 | Vaults:5 | Reached skill level 15 in Maces & Flails
 63171 | Vaults:5 | Found Punis's Antique Armour Shoppe.
 63176 | Vaults:5 | Found Kaof's Magic Scroll Shoppe.
 63184 | Vaults:5 | Bought a scroll of identify for 36 gold pieces
 63184 | Vaults:5 | Bought a scroll of enchant armour for 135 gold pieces
 63184 | Vaults:5 | Bought a scroll of teleportation for 54 gold pieces
 63184 | Vaults:5 | Bought a scroll of identify for 36 gold pieces
 63184 | Vaults:5 | Bought 2 scrolls of identify for 72 gold pieces
 63184 | Vaults:5 | Bought a scroll of blinking for 135 gold pieces
 63184 | Vaults:5 | Bought a scroll of identify for 36 gold pieces
 63228 | Vaults:5 | Found Igacot's Magic Scroll Shop.
 63232 | Vaults:5 | Bought a scroll of blinking for 112 gold pieces
 63232 | Vaults:5 | Bought a scroll of identify for 30 gold pieces
 63364 | Vaults:5 | Found Ucvav's Jewellery Shoppe.
 63833 | Vaults:5 | Found Zeprov's Gadget Shoppe.
 63840 | Vaults:5 | Found Zoevoic's Book Shop.
 64076 | Vaults:5 | Got a silver rune of Zot
 64097 | Vaults:5 | Found Feimeusa's Distillery.
 64101 | Vaults:5 | Bought a potion of brilliance for 84 gold pieces
 64101 | Vaults:5 | Bought a potion of mutation for 168 gold pieces
 64101 | Vaults:5 | Bought a potion of mutation for 168 gold pieces
 64101 | Vaults:5 | Bought 2 potions of invisibility for 336 gold pieces
 64101 | Vaults:5 | Bought a potion of invisibility for 168 gold pieces
 64101 | Vaults:5 | Bought a potion of invisibility for 168 gold pieces
 64101 | Vaults:5 | Bought 2 potions of heal wounds for 210 gold pieces
 64101 | Vaults:5 | Bought a potion of curing for 63 gold pieces
 64101 | Vaults:5 | Bought a potion of haste for 210 gold pieces
 64101 | Vaults:5 | Bought a potion of haste for 210 gold pieces
 64101 | Vaults:5 | Bought a potion of invisibility for 168 gold pieces
 64405 | D:14     | You paid a toll of +4 ice dragon scales to enter a treasure
                  | trove
 64406 | Trove    | Entered a treasure trove
 64437 | Trove    | Got a serpentine pewter ring
 64446 | Trove    | Got a heavily runed tin ring
 64473 | Trove    | Got a warped flail
 64474 | Trove    | Identified the cursed +3 flail of the Apocalypse {flame,
                  | MR+ SInv} (You found it in a treasure trove)
 64494 | D:14     | Identified the ring "Buosyzeogh" {MR+ rCorr} (You found it
                  | in a treasure trove)
 64500 | D:14     | Identified the ring of Ryloipoq {rElec rF+ rN+ MR+ SInv}
                  | (You found it in a treasure trove)
 64719 | Crypt:1  | Entered Level 1 of the Crypt
 65166 | Crypt:1  | Reached XP level 25. HP: 157/157 MP: 23/41
 67349 | Crypt:3  | Entered Level 3 of the Crypt
 67451 | Crypt:3  | Reached skill level 15 in Spellcasting
 68225 | Crypt:3  | Found a staircase to the Tomb.
 68495 | Crypt:3  | Identified the cursed +0 robe of Tauk {MR+ Int+6}
 68513 | Crypt:3  | Found a basalt altar of Yredelemnul.
 68527 | Crypt:3  | Noticed an ancient lich
 68534 | Crypt:3  | Killed an ancient lich
 68567 | Crypt:3  | Reached XP level 26. HP: 139/165 MP: 17/42
 68584 | Crypt:3  | Identified Borgnjor's Volume of Darkness
 69861 | Depths:1 | Entered Level 1 of the Depths
 70512 | Depths:1 | Found a sacrificial altar of Ru.
 70546 | Depths:1 | Found a gateway to Hell.
 71247 | Depths:2 | Noticed a juggernaut
 71251 | Depths:2 | Killed a juggernaut
 71544 | Depths:2 | Learned a level 9 spell: Fire Storm
 71553 | Depths:2 | Learned a level 8 spell: Necromutation
 71680 | Depths:2 | Found a huge runed gate.
 71681 | Depths:2 | Found a huge runed gate.
 71688 | Depths:2 | Acquired 830 gold pieces
 71833 | Depths:2 | Identified the Volume of Doomed Toxins
 71852 | Depths:2 | Found a gateway to a ziggurat.
 71945 | Depths:2 | Found a huge runed gate.
 71945 | Depths:2 | Found a huge runed gate.
 71945 | Depths:2 | Found a huge runed gate.
 71949 | Depths:2 | Found a huge runed gate.
 71949 | Depths:2 | Found a huge runed gate.
 71950 | Depths:2 | Found a huge runed gate.
 71954 | Depths:2 | Found a huge runed gate.
 71954 | Depths:2 | Found a huge runed gate.
 71966 | Depths:2 | Found a huge runed gate.
 71978 | Depths:2 | Found a huge runed gate.
 71979 | Depths:2 | Found a huge runed gate.
 71980 | Depths:2 | Found a huge runed gate.
 71980 | Depths:2 | Found a huge runed gate.
 71980 | Depths:2 | Found a huge runed gate.
 71980 | Depths:2 | Found a huge runed gate.
 71990 | Depths:2 | Reached skill level 1 in Transmutations
 71992 | Depths:2 | Reached skill level 1 in Necromancy
 72190 | Depths:3 | Found a one-way gate to the infinite horrors of the Abyss.
 72204 | Depths:3 | Reached XP level 27. HP: 110/172 MP: 19/42
 72230 | Depths:3 | Gained mutation: Your flesh is cold resistant. (rC+)
                  | [mutagenic glow]
 72240 | Depths:3 | Killed from afar by a frost giant

Illustrated notes

Levels and vault maps discovered:
D:1:      dpeg_arrival_fog, layout_loops_ring
D:2:      layout_rooms, lemuel_crystal_altar, grunt_dithmenos_smoke
D:3:      layout_basic, lemuel_doored_altar, grunt_temple_overflow_octagram
D:4:      layout_basic, grunt_temple_overflow_order_and_chaos_1,
          temple_doors_cd, elyvilon_altar_1, uniq_edmund
D:5:      layout_basic, uniq_sigmund, uniq_ijyb, uniq_menkaure
D:6:      layout_layer_cave, led_sif_book, uniq_eustachio
D:7:      layout_cave_pods, minmay_misc_feat_tower, trog_ov_bears_minmay
D:8:      layout_loops_ring, serial_shops, shop
D:9:      layout_loops_ring, dpeg_oklobed_lair
D:10:     layout_roguey, gammafunk_ghost_stat_death, serial_rivers,
          chequers_serial_rivers_large_a, chequers_serial_rivers_micro_c,
          chequers_serial_rivers_micro_b, chequers_serial_rivers_room_a,
          chequers_serial_rivers_micro_b
D:11:     layout_loops_cross, erik_orc_2, serial_shops, kennysheep_mini_moat,
          grunt_ministairs_15, nooodl_orcs_dogs
D:12:     layout_rooms
D:13:     layout_roguey, grunt_vaults_entry_tiered, serial_shops,
          nicolae_shop_temple_entry_statues_fountains
D:14:     layout_basic, enter_bailey_8, nicolae_trove_entry_crossroad,
          serial_glass, glass_columns_c, glass_columns_a, glass_columns_a,
          glass_columns_a, glass_columns_a, glass_columns_c, glass_columns_a,
          glass_columns_a, glass_columns_c, glass_columns_a, glass_columns_c,
          glass_columns_a, glass_columns_c, glass_columns_a, basic_altar,
          basic_altar
D:15:     grunt_enter_depths_snipers, layout_loops_ring, grunt_decor_fettered
Temple:   jpeg_temple_alley_garden
Lair:1:   layout_chaotic_city, nicolae_volcano_entry_hallway,
          chequers_serial_rivers_room_b, grunt_megastairs_3,
          serial_bayou_shore_a
Lair:2:   layout_regular_city, portal_ice_cave_entry_pillars_2, uniq_erica
Lair:3:   layout_roguey [special_room_bee], swamp_mist, roderic_carrion_pond
Lair:4:   layout_roguey, nicolae_spider_entry_non_spiders
Lair:5:   layout_cave_pods
Lair:6:   due_jungle_book, layout_small_grid, dpeg_slime_entry_corner,
          basic_altar, minmay_lair_oklob_chamber
Swamp:1:  layout_falls_marsh, evilmike_swamp_ruin_house_3, uniq_roxanne
Swamp:2:  layout_basic_swamp, nicolae_swamp_treefoil, swamp_pool1
Swamp:3:  gammafunk_its_a_trap, layout_basic_swamp, evilmike_swamp_ruin_house_4,
          swamp_pool1, uniq_nikola, uniq_kirke
Swamp:4:  swamp_old_school, layout_basic_swamp
Spider:1: layout_spider_delve
Spider:2: nicolae_spider_corner
Spider:3: nicolae_spider_mines_3, guppyfry_spider_mini_2, uniq_arachne
Spider:4: grunt_spider_rune_circles, uniq_aizul
Orc:1:    layout_diamond_mine, serial_shops, shop, shop, basic_altar
Orc:2:    st_orc_mages, layout_caves, basic_altar, library_closet, uniq_maurice,
          uniq_saint_roka
Elf:1:    minmay_elf_arrival_circle, layout_geoelf_octagon, serial_shops,
          shop_fountains, basic_altar, minmay_elf_demonology,
          serial_sigils_hangedman_etch, minmay_misc_feat_columns
Elf:2:    layout_geoelf_octagon, portal_desolation_entry_garden, st_stairs_12,
          minmay_misc_feat_rows, fake_guardian_serpent_vault
Elf:3:    minmay_elf_hall_not_hex, layout_geoelf_grid
Vaults:1: ontoclasm_vaults_gateway, ontoclasm_vaults_loading_screen, v_misc_30,
          nicolae_vaults_twisting_passages, vaults_mumra_minichess,
          nicolae_vaults_little_squares_3,
          vaults_standard_mumra_enter_the_diamond, vaults_mumra_chevron_long,
          layout_vaults_quadrants
Vaults:2: nicolae_vaults_little_squares_6, nicolae_vaults_back_hallway,
          v_misc_11, vaults_mumra_lcd, hangedman_vaults_maws,
          nicolae_vaults_ninety_degrees, nicolae_vaults_triangles,
          nicolae_vaults_disjoint_gnomons, v_misc_22, grunt_vaults_diagonal,
          nicolae_vaults_ring_of_whatevers, v_misc_14, v_misc_11,
          layout_vaults_maze
Vaults:3: gammafunk_vaults_ghost_door_vault, ontoclasm_vaults_eye,
          nicolae_vaults_circle_grid_a, ontoclasm_vaults_decontamination,
          minmay_crypt_entry_simple_statues, vaults_room_fours,
          vaults_room_semicircle, v_misc_3, ontoclasm_vaults_ring_square,
          v_misc_26, v_misc_29, dpeg_vaults_monster_row,
          nicolae_vaults_little_squares_5, nicolae_vaults_little_squares_5,
          layout_vaults_omnibox, infiniplex_enter_wizlab_glasses
Vaults:4: vaults_room_door_hall, nicolae_vaults_rhombus_5, v_pattern_2,
          vaults_mumra_minichess_inversion, vaults_dpeg_encased_lava,
          nicolae_vaults_little_squares_4, v_misc_28, layout_vaults_chaotic_city
Vaults:5
Crypt:1:  layout_misc_corridors, item_on_display_a
Crypt:2:  layout_misc_corridors, roderic_lattice_octagonal_star
Crypt:3:  church_of_pain_bobbens, layout_chaotic_city,
          tomb_entry_forgotten_bobbens
Depths:1: layout_twisted_cross, wad_floor_pattern_2, hangedman_geh_valley,
          minmay_misc_feat_plants, hangedman_decor_diamond_cutter, minivault_16,
          lemuel_statue_altar
Depths:2: minmay_the_grid_3x2 [minmay_the_grid_spikes,
          minmay_the_grid_minigrid_small_alt, minmay_the_grid_artifice,
          minmay_the_grid_expand, minmay_the_grid_tree,
          minmay_the_grid_prize_four_corners], layout_cave_pools,
          enter_ziggurat_e, hell_entry, corexii_hall_statues_l, minivault_16,
          small_chamber_with_monster, hex_tiny, st_stairs_5, not_door_vault_due
Depths:3: evilmike_iron_armoury, layout_cave_shapes, pf_hell_entry_tar_spiral,
          abyss_entry, pan_entry, minmay_misc_feat_diagonals,
          minmay_staircase_statues, kennysheep_random_hallway

Skill      XL: |  1  2  3  4  5  6  7  8  9 10 11 12 13 14 15 16 17 18 19 20 21 22 23 24 25 26 27 |
---------------+----------------------------------------------------------------------------------+-----
Earth Magic    | 4 5 6 7 8 9 10 11 12 13 14 15 16 17 18 19 20 | 20.0
Conjurations   | 1 2 3 4 5 6 7 8 9 10 11 12 13 14 15 16 17 18 | 18.2
Spellcasting   | 3 4 5 6 7 8 9 10 11 12 13 14 15 | 15.8
Armour         | 2 3 5 6 |  6.0
Fighting       | 2 3 5 6 7 8 9 10 11 12 13 14 15 16 17 | 17.5
Maces & Flails | 1 3 4 5 6 7 8 9 10 11 12 13 14 15 16 | 16.3
Evocations     | 1 3 4 5 6 7 8 9 10 | 10.0
Dodging        | 2 3 4 5 6 7 8 9 10 11 12 13 14 | 14.1
Fire Magic     | 4 6 8 10 11 12 13 14 15 16 17 18 19 20 | 20.8
Transmutations | 1 2 |  2.4
Necromancy     | 1 2 |  2.2
Stealth        | |  2.1

Action                   |  1- 3 |  4- 6 |  7- 9 | 10-12 | 13-15 | 16-18 | 19-21 | 22-24 | 25-27 || total
-------------------------+-------+-------+-------+-------+-------+-------+-------+-------+-------++-------
Melee: Unarmed           |    12 |       |       |       |       |       |       |       |       ||    12
       Short sword       |   136 |   292 |    96 |       |       |       |       |       |       ||   524
       Dire flail        |       |       |   215 |   608 |   339 |       |       |       |       ||  1162
       Mace              |       |       |       |       |   587 |   778 |   809 |   256 |       ||  2430
       Flail             |       |       |       |       |       |       |       |    76 |   627 ||   703
 Cast: Sandblast         |    23 |    52 |    20 |    63 |    68 |     9 |     3 |     2 |     1 ||   241
       Stone Arrow       |       |     1 |    22 |    31 |    39 |     1 |       |       |       ||    94
       Lee's Rapid Decon |       |       |    14 |    83 |    86 |    37 |    48 |    56 |    17 ||   341
       Fireball          |       |       |       |       |    64 |    77 |     4 |     5 |       ||   150
       Bolt of Magma     |       |       |       |       |    25 |     7 |       |     1 |     2 ||    35
       Orb of Destructio |       |       |       |       |    10 |       |       |       |       ||    10
       Iron Shot         |       |       |       |       |    11 |   154 |   137 |    72 |    24 ||   398
       Ignition          |       |       |       |       |       |       |    57 |    68 |    22 ||   147
       Lehudib's Crystal |       |       |       |       |       |       |       |    30 |    31 ||    61
       Shatter           |       |       |       |       |       |       |       |    25 |    76 ||   101
 Abil: Fly               |       |       |       |       |     1 |       |       |       |       ||     1
       Blink             |       |       |       |       |       |    12 |     6 |       |       ||    18
Evoke: Wand              |       |       |     2 |     2 |    19 |       |     3 |     1 |       ||    27
       Lightning rod     |       |       |       |     5 |     8 |     4 |     3 |     4 |       ||    24
       Condenser vane    |       |       |       |     1 |     6 |     4 |       |     2 |       ||    13
       Phantom mirror    |       |       |       |     1 |       |     1 |       |     1 |       ||     3
       Tin of tremorston |       |       |       |       |     4 |     7 |     2 |     2 |       ||    15
  Use: Scroll            |       |    10 |     6 |    12 |    27 |    14 |    15 |    21 |     9 ||   114
       Potion            |       |       |     1 |     4 |     9 |     2 |     5 |     9 |     7 ||    37
 Stab: Sleeping          |     1 |     2 |     5 |     3 |     6 |     4 |     2 |     3 |     1 ||    27
       Distracted        |       |       |       |     1 |     1 |       |       |       |     1 ||     3
       Confused          |       |       |       |       |     1 |     1 |       |       |       ||     2
Armor: Robe              |    46 |    79 |   147 |   381 |   325 |       |       |       |       ||   978
       Leather armour    |       |       |       |       |   187 |   681 |   498 |   226 |   342 ||  1934
Dodge: Dodged            |   147 |   270 |   354 |   508 |   869 |  1156 |   842 |   365 |   535 ||  5046

Table legend: (Time is in decaauts)
 A = Elapsed time spent in this place.
 B = Non-inter-level travel time spent in this place.
 C = Inter-level travel time spent in this place.
 D = Time resting spent in this place.
 E = Time spent auto-exploring this place.
 F = Levels seen in this place.
 G = Mean time per level.
                   A        B        C        D        E       F      G
               +--------+--------+--------+--------+--------+-----+--------+
         Total |  71828 |  67517 |   4311 |  16645 |  35960 |  52 | 1381.3 |
       Dungeon |  22816 |  21059 |   1757 |   4340 |  12037 |  15 | 1521.1 |
        Temple |     88 |     51 |     37 |      0 |     28 |   1 |   88.0 |
          Lair |   9692 |   9088 |    604 |   2139 |   5608 |   6 | 1615.3 |
         Swamp |   5972 |   5772 |    200 |   1617 |   3128 |   4 | 1493.0 |
   Spider Nest |   5800 |   5452 |    348 |   1649 |   2676 |   4 | 1450.0 |
  Orcish Mines |   2979 |   2822 |    157 |   1262 |    929 |   2 | 1489.5 |
   Elven Halls |   3475 |   3284 |    191 |    582 |   1727 |   3 | 1158.3 |
        Vaults |   9934 |   9112 |    822 |   1704 |   5701 |   5 | 1986.8 |
         Crypt |   4728 |   4570 |    158 |    990 |   2432 |   3 | 1576.0 |
        Depths |   2328 |   2295 |     33 |    472 |   1286 |   3 |  776.0 |
         Trove |     85 |     85 |      0 |      0 |      0 |   1 |   85.0 |
        Bailey |    215 |    215 |      0 |     23 |      0 |   1 |  215.0 |
      Ice Cave |    400 |    400 |      0 |    232 |      0 |   1 |  400.0 |
       Volcano |    529 |    529 |      0 |    309 |      0 |   1 |  529.0 |
        Wizlab |   1292 |   1292 |      0 |    825 |     30 |   1 | 1292.0 |
    Desolation |   1487 |   1487 |      0 |    501 |    378 |   1 | 1487.0 |
               +--------+--------+--------+--------+--------+-----+--------+

Top non-repeatable levels by time:
    D:11: 2969 daAuts
  Lair:6: 2847 daAuts
    D:14: 2587 daAuts
Spider:2: 2260 daAuts
Vaults:2: 2248 daAuts
Vaults:1: 2174 daAuts
Vaults:3: 2057 daAuts
 Crypt:3: 2021 daAuts
 Swamp:2: 1897 daAuts
Vaults:4: 1827 daAuts
  Lair:3: 1755 daAuts
    D:13: 1694 daAuts
  Lair:5: 1637 daAuts
Vaults:5: 1627 daAuts
    D:15: 1620 daAuts
